 Dungeon Crawl Stone Soup version 0.19.0-2-gae57169 (webtiles) character file.

88 Jerry the Skirmisher (level 4, 0/41 HPs)
             Began as a Minotaur Berserker on Nov 4, 2016.
             Was a Believer of Trog.
             Succumbed to a gnoll's poison
             ... on level 3 of the Dungeon.
             The game lasted 00:03:53 (1649 turns).

Jerry the Skirmisher (Minotaur Berserker)           Turns: 1649, Time: 00:03:53

Health: 0/41       AC:  2    Str: 26    XL:     4   Next: 30%
Magic:  3/3        EV: 12    Int:  4    God:    Trog [**....]
Gold:   71         SH:  0    Dex: 11    Spells: 0 memorised, 3 levels left

rFire  . . .     SeeInvis .     a - +0 falchion
rCold  . . .     Gourm    .     d - +0 robe (curse)
rNeg   . . .     Faith    .     (no shield)
rPois  .         Spirit   .     (helmet restricted)
rElec  .         Reflect  .     (no cloak)
rCorr  .         Harm     .     (no gloves)
MR     .....                    (no boots)
Stlth  +.........               (no amulet)
                                (no ring)
                                (no ring)

@: mighty, lethally poisoned (0 -> -22), exhausted, slowed, very slow
A: retaliatory headbutt, horns 2
a: Berserk, Trog's Hand, Burn Spellbooks, Renounce Religion


You were on level 3 of the Dungeon.
You worshipped Trog.
Trog was pleased with you.
You were very hungry.

You visited 1 branch of the dungeon, and saw 3 of its levels.

You collected 71 gold pieces.

Inventory:

Hand Weapons
 a - a +0 falchion (weapon)
Missiles
 f - 6 tomahawks (quivered)
Armour
 b - a +0 animal skin
 d - a cursed +0 robe (worn)
Jewellery
 i - an uncursed ring of fire
Scrolls
 e - 2 scrolls of identify {unknown}
 g - a scroll of enchant weapon {unknown}
 j - a scroll of immolation {unknown}
 k - a scroll of random uselessness {unknown}
 l - a scroll of noise {unknown}
Comestibles
 c - 6 bread rations
 m - a meat ration


   Skills:
 + Level 4.8 Fighting
 + Level 4.7 Long Blades
 + Level 3.4 Armour
 - Level 2.1 Dodging


You had 3 spell levels left.
You didn't know any spells.

Dungeon Overview and Level Annotations

Branches:
Dungeon (3/15)

Altars:
Cheibriados
Trog
Xom


Innate Abilities, Weirdness & Mutations

You reflexively headbutt those who attack you in melee.
You have a pair of horns on your head.


Message History

You headbutt the gnoll. You barely miss the gnoll.
The gnoll is severely wounded.
* * * LOW HITPOINT WARNING * * *
You feel sick. The gnoll barely misses you. You furiously retaliate!
You headbutt the gnoll!!
You kill the gnoll!
Trog accepts your kill.
You are too berserk!
* * * LOW HITPOINT WARNING * * *
You feel sick.
You feel a strong urge to attack something.
You are no longer berserk.
You are exhausted.
You feel yourself slow down.
* * * LOW HITPOINT WARNING * * *
You feel sick.
It was a potion of might.
You feel very mighty all of a sudden.
You die...

######### #.!.....#
###..)....#
###......@..#####..
...........<(......
###...))..<.#####(.
%.........$.#
.##.........#
....###.#### .##..
..# ## ##.# .#


There were no monsters in sight!

Vanquished Creatures
  3 gnolls (D:3)
  2 oozes (D:1)
  A worm (D:2)
  A dart slug (D:2)
  A leopard gecko (D:1)
  3 giant cockroaches
  2 goblins (D:1)
  5 hobgoblins
  3 jackals (D:1)
  A quokka (D:2)
  8 bats
  4 frilled lizards (D:1)
  7 kobolds
  4 rats
45 creatures vanquished.

Notes
Turn   | Place    | Note
-------+----------+-------------------------------------------
     0 | D:1      | Jerry the Minotaur Berserker began the quest for the Orb.
     0 | D:1      | Reached XP level 1. HP: 19/19 MP: 0/0
    67 | D:1      | Reached XP level 2. HP: 12/27 MP: 1/1
   398 | D:1      | Reached XP level 3. HP: 33/33 MP: 2/2
   596 | D:1      | Reached ** piety under Trog
  1447 | D:2      | Found a shimmering altar of Xom.
  1447 | D:2      | Found a snail-covered altar of Cheibriados.
  1447 | D:2      | Found a bloodstained altar of Trog.
  1638 | D:3      | Reached XP level 4. HP: 24/41 MP: 3/3
  1648 | D:3      | HP: 2/41 [poisoned by a gnoll]
  1649 | D:3      | Succumbed to a gnoll's poison

Skill      XL: |  1  2  3 |
---------------+----------+-----
Fighting       | 4 |  4.8
Long Blades    | 4 |  4.7
Armour         | 3 |  3.4
Dodging        | |  2.1

Action                   |  1- 3 |  4- 6 || total
-------------------------+-------+-------++-------
Melee: Falchion          |    88 |     7 ||    95
       Headbutt          |    18 |       ||    18
Invok: Berserk           |     1 |       ||     1
  Use: Potion            |       |     1 ||     1
  Eat: Chunk             |     2 |       ||     2
Armor: Animal skin       |    10 |       ||    10
       Robe              |    12 |       ||    12
Dodge: Dodged            |    85 |     4 ||    89
       Rpst.: Falchion   |    23 |       ||    23
